 Dungeon Crawl Stone Soup version 0.32-a0-876-gcfddb08e57 (webtiles) character file.

Game seed: 15587140908131528555

122 Iich the Trooper (level 4, -7/37 HPs)
             Began as a Demonspawn Fighter on Apr 1, 2024.
             Killed by nerve-wracking pain
             ... invoked by Jessica
              (14 damage)
             ... on level 2 of the Dungeon.
             The game lasted 00:04:33 (1256 turns).

Iich the Trooper (Demonspawn Fighter)               Turns: 1256, Time: 00:04:33

Health: -7/37      AC:  4    Str: 18    XL:     4   Next: 78%
Magic:  4/4        EV: 10    Int:  9    God:
Gold:   101        SH:  5    Dex: 12    Spells: 3/3 levels left

rFire   . . .        k - +0 dagger (vamp)
rCold   . . .        c - +1 buckler
rNeg    . . .        l - +0 robe
rPois   .            n - +0 helmet
rElec   .            (no cloak)
rCorr   .            (no gloves)
SInv    .            (no boots)
Will    .....        (no amulet)
Stlth   ++           (no ring)
HPRegen 0.26/turn    (no ring)
MPRegen 0.09/turn

%: no passive effects
@: hasted and slowed, wreathed by umbra
A: sharp scales 1, foul shadow 1
a: no special abilities


You were on level 2 of the Dungeon.
You visited 1 branch of the dungeon, and saw 2 of its levels.

You collected 101 gold pieces.

Inventory:

Hand Weapons
 a - a +0 war axe
 k - a +0 vampiric dagger (weapon)
Armour
 b - a +0 scale mail
 c - a +1 buckler (worn)
 l - a +0 robe (worn)
 n - a +0 helmet (worn)
Jewellery
 p - a +6 ring of intelligence
Talismans
 i - a beast talisman
Scrolls
 d - a scroll of silence {unknown}
 e - 2 scrolls of vulnerability
 f - a scroll of enchant armour
 j - a scroll of identify {unknown}
Potions
 g - a potion of ambrosia
 m - a potion of enlightenment {unknown}
 o - a potion of curing {unknown}


   Skills:
 + Level 3.6 Fighting
 * Level 3.3 Axes
 - Level 2.6 Armour
 - Level 1.6 Dodging
 + Level 0.0 Stealth
 - Level 2.6 Shields
 + Level 1.0 Shapeshifting


You had 3 spell levels left.
You didn't know any spells.
Your spell library was empty.

Dungeon Overview and Level Annotations

Branches:
Dungeon (2/15)

Altars:

Annotations:
D:2 Jessica


Innate Abilities, Weirdness & Mutations

You are partially covered in razor-sharp scales. (AC +1, Slay +1)
You are faintly shadowed, very rarely releasing foul flame when damaged in melee.


Message History

Jessica gestures at you while chanting.
You feel yourself slow down. The iguana bites you.
* * * LOW HITPOINT WARNING * * *
The iguana is seared by the foul flame within you.
The iguana is severely wounded.
A goblin comes into view. It is wielding a +0 dagger.
You take 1 damage, and have 17/37 hp.
You barely miss the iguana.
The iguana is severely wounded.
Jessica barely misses you. You block the iguana's attack.
You block Jessica's attack.
The iguana bites you but does no damage.
Unknown command.
You feel yourself speed up. Jessica hits you but does no damage.
The iguana closely misses you. Jessica hits you with a +0 club.
* * * LOW HITPOINT WARNING * * *
You take 2 damage, and have 16/37 hp.
You hit the iguana but do no damage.
The iguana is severely wounded.
Jessica casts a spell at you.
You barely resist. The iguana closely misses you.
Jessica hits you with a +0 club.
* * * LOW HITPOINT WARNING * * *
The iguana bites you.
* * * LOW HITPOINT WARNING * * *
You take 5 damage, and have 11/37 hp.
You closely miss Jessica. Jessica hits you but does no damage.
The iguana barely misses you.
You closely miss Jessica. Jessica casts a spell at you.
Pain shoots through your body!
* * * LOW HITPOINT WARNING * * *
You block Jessica's attack. The iguana barely misses you.
You take 5 damage, and have 6/37 hp.
You hit Jessica but do no damage. Jessica hits you but does no damage.
The iguana closely misses you.
You hit Jessica but do no damage. Jessica gestures at you while chanting.
Pain shoots through your body!
You die...

#.)# ######.#.#
##########...###........
........##.#..#..)......
.........#..#.......###.
..........#.#......#...#
..........#.......#..⌠.ß
..........###.....#.⌠..#
......g?..###.....#...#_
......l@...........#ß#∩#
.......@..###.......###.
........#............#ß.
###.#...).####.#....###.
...<.#.#.###..###..##.#
..#.###.#.....###...####
. #. ..####..###.#.# #
#.## #..>##.#.## #.
#.#..#.#..###


You could see an iguana, Jessica (fast) and a goblin.

Vanquished Creatures
  A phantom (D:2)
  An adder (D:2)
  2 dart slugs
  6 ball pythons
  2 bats (D:1)
  3 endoplasms (D:1)
  A giant cockroach (D:2)
  2 goblins (D:1)
  4 hobgoblins
  4 quokkas (D:1)
  5 frilled lizards
  3 kobolds
  3 rats
37 creatures vanquished.

Notes
Turn   | Place    | Note
-------+----------+-------------------------------------------
     0 | D:1      | Iich the Demonspawn Fighter began the quest for the Orb.
     0 | D:1      | Reached XP level 1. HP: 18/18 MP: 1/1
    60 | D:1      | Gained mutation: You are partially covered in razor-sharp
                  | scales. (AC +1, Slay +1) [demonic ancestry]
    60 | D:1      | Reached XP level 2. HP: 20/24 MP: 2/2
   519 | D:1      | Reached skill level 1 in Dodging
   566 | D:1      | Gained mutation: You are faintly shadowed, very rarely
                  | releasing foul flame when damaged in melee. [demonic
                  | ancestry]
   566 | D:1      | Reached XP level 3. HP: 29/29 MP: 3/3
   922 | D:2      | Found a faded altar of an unknown god.
   979 | D:2      | Noticed a phantom
   997 | D:2      | Killed a phantom
   998 | D:2      | Reached XP level 4. HP: 19/36 MP: 4/4
  1112 | D:2      | Reached skill level 1 in Shapeshifting
  1231 | D:2      | Noticed Jessica
  1256 | D:2      | Killed from afar by Jessica

Illustrated notes

Levels and vault maps discovered:
D:1:      minmay_arrival_plants_in_alcoves, layout_loops_ring,
          minmay_shallow_snake_nest
D:2:      layout_rooms, shapermc_ecumenical_altar_venn,
          minmay_misc_feat_four_crosses, uniq_jessica

Skill      XL: |  1  2  3  4 |
---------------+-------------+-----
Axes           | 2 3 |  3.3
Dodging        | 1 |  1.6
Shapeshifting  | 1 |  1.0
Fighting       | |  3.6
Armour         | |  2.6
Shields        | |  2.6

Action                     |  1- 3 |  4- 6 || total
---------------------------+-------+-------++-------
  Melee: War axe           |    60 |       ||    60
         Dagger            |    29 |    54 ||    83
    Use: Scroll            |     2 |       ||     2
         Potion            |     2 |     2 ||     4
 Armour: Scale mail        |    40 |       ||    40
         Robe              |    28 |    28 ||    56
  Dodge: Dodged            |    57 |    24 ||    81
  Block: Buckler           |    30 |    15 ||    45
   Form: Beast             |     1 |       ||     1
                           |     1 |       ||     1

Table legend: (Time is in decaauts)
 A = Elapsed time spent in this place.
 B = Non-inter-level travel time spent in this place.
 C = Inter-level travel time spent in this place.
 D = Time resting spent in this place.
 E = Time spent auto-exploring this place.
 F = Levels seen in this place.
 G = Mean time per level.
                   A        B        C        D        E       F      G
               +--------+--------+--------+--------+--------+-----+--------+
         Total |   1265 |   1218 |     47 |      0 |    846 |   2 |  632.5 |
       Dungeon |   1265 |   1218 |     47 |      0 |    846 |   2 |  632.5 |
               +--------+--------+--------+--------+--------+-----+--------+

Top non-repeatable levels by time:
     D:1: 927 daAuts
     D:2: 337 daAuts
